TOP OF THE 1ST |
Surrey Sinners batting - Pitching for Colorado Commanders : RHP Manuel Zarate
|
Pitching: RHP Manuel Zarate
|
|
Batting: LHB Benny Richard
|
0-0: Ball 1-0: Ball 2-0: Called Strike 2-1: Foul Ball, location: 2F 2-2: Fly out, F8 (Flyball, 8LS)
|
Batting: RHB Brett Murphy
|
0-0: Foul Ball, location: 2F 0-1: Ball 1-1: Called Strike 1-2: Ground out 4-3 (Groundball, 4M)
|
Batting: RHB Víctor Arredondo
|
0-0: Called Strike 0-1: Ball 1-1: Ball 2-1: Ball 3-1: Base on Balls
|
Batting: RHB Félix Castro
|
0-0: Called Strike 0-1: Ball 1-1: Ball 2-1: Ball 3-1: Base on Balls Víctor Arredondo to second
|
Batting: RHB Daniel Santiago
|
0-0: Fly out, F3 (Popup, 34)
|
Top of the 1st over - 0 run(s), 0 hit(s), 0 error(s), 2 left on base; Surrey 0 - Colorado 0 |
BOTTOM OF THE 1ST |
Colorado Commanders batting - Pitching for Surrey Sinners : RHP Tom Wallace
|
Pitching: RHP Tom Wallace
|
|
Batting: RHB John Dinkins
|
0-0: Foul Ball, location: 2F 0-1: SINGLE (Flyball, 89S)
|
Batting: RHB Arnold Harmon
|
0-0: Called Strike 0-1: Called Strike 0-2: Strikes out swinging
|
Batting: LHB Gary Kern
|
0-0: Ball 1-0: Ball 2-0: Called Strike 2-1: Foul Ball, location: 2F 2-2: Ball 3-2: Ground out 6-3 (Groundball, 6M) John Dinkins to second
|
Batting: LHB David Hernández
|
0-0: Ball 1-0: SINGLE (Groundball, 4MD) (infield hit) John Dinkins to third
|
Batting: RHB Keith Jones
|
0-0: Ball 1-0: SINGLE (Line Drive, 5D) John Dinkins scores David Hernández to second
|
Batting: LHB Michael Barrett
|
0-0: Foul Ball, location: 2F 0-1: Ball Passed Ball! David Hernández to third Keith Jones to second 1-1: Foul Ball, location: 2F 1-2: Foul Ball, location: 2F 1-2: Ground out 4-3 (Groundball, 4M)
|
Bottom of the 1st over - 1 run(s), 3 hit(s), 0 error(s), 2 left on base; Surrey 0 - Colorado 1 |
TOP OF THE 2ND |
Surrey Sinners batting - Pitching for Colorado Commanders : RHP Manuel Zarate
|
Batting: LHB Javier Espinoza
|
0-0: Ball 1-0: Ball 2-0: Ground out 4-3 (Groundball, 4)
|
Batting: RHB Ryan Parrish
|
0-0: Ball 1-0: Swinging Strike 1-1: Swinging Strike 1-2: Foul Ball, location: 2F 1-2: Strikes out swinging
|
Batting: RHB Mitchell Darragh
|
0-0: Foul Ball, location: 2F 0-1: SINGLE (Line Drive, 6MD)
|
Batting: RHB Carlos Rodríguez
|
0-0: Ball 1-0: Called Strike 1-1: Ball Mitchell Darragh is caught stealing 2nd base
|
Top of the 2nd over - 0 run(s), 1 hit(s), 0 error(s), 0 left on base; Surrey 0 - Colorado 1 |
BOTTOM OF THE 2ND |
Colorado Commanders batting - Pitching for Surrey Sinners : RHP Tom Wallace
|
Batting: RHB Emiel van Rhee
|
0-0: Ground out 1-3 (Groundball, 23)
|
Batting: SHB Scott Compton
|
0-0: Ground out 4-3 (Groundball, 4)
|
Batting: RHB Lee Price
|
0-0: Swinging Strike 0-1: Ball 1-1: Called Strike 1-2: Foul Ball, location: 2F 1-2: Foul Ball, location: 2F 1-2: SOLO HOME RUN (Flyball, 7D), Distance : 357 ft
|
Batting: RHB John Dinkins
|
0-0: Ball 1-0: Ball 2-0: Called Strike 2-1: Ball 3-1: Foul Ball, location: 2F 3-2: Fly out, F8 (Flyball, 8RM)
|
Bottom of the 2nd over - 1 run(s), 1 hit(s), 0 error(s), 0 left on base; Surrey 0 - Colorado 2 |
TOP OF THE 3RD |
Surrey Sinners batting - Pitching for Colorado Commanders : RHP Manuel Zarate
|
Batting: RHB Carlos Rodríguez
|
0-0: Ball 1-0: Fly out, F7 (Line Drive, 78M)
|
Batting: LHB Benny Richard
|
0-0: Foul Ball, location: 2F 0-1: Reached on error, E3 (Groundball, 34)
|
Batting: RHB Brett Murphy
|
0-0: SINGLE (Flyball, 89S) Benny Richard to third
|
Batting: RHB Víctor Arredondo
|
0-0: SINGLE (Line Drive, 8LS) Benny Richard scores Brett Murphy to second
|
Batting: RHB Félix Castro
|
0-0: Called Strike 0-1: Ball 1-1: Foul Ball, location: 2F 1-2: Strikes out swinging
|
Batting: RHB Daniel Santiago
|
0-0: Swinging Strike 0-1: Ball 1-1: Swinging Strike 1-2: Strikes out swinging
|
Top of the 3rd over - 1 run(s), 2 hit(s), 1 error(s), 2 left on base; Surrey 1 - Colorado 2 |
BOTTOM OF THE 3RD |
Colorado Commanders batting - Pitching for Surrey Sinners : RHP Tom Wallace
|
Batting: RHB Arnold Harmon
|
0-0: Ball 1-0: Ground out 6-3 (Groundball, 6)
|
Batting: LHB Gary Kern
|
0-0: Ground out 4-3 (Groundball, 4M)
|
Batting: LHB David Hernández
|
0-0: Ball 1-0: Swinging Strike 1-1: Ground out U3 (Groundball, 3L)
|
Bottom of the 3rd over - 0 run(s), 0 hit(s), 0 error(s), 0 left on base; Surrey 1 - Colorado 2 |
TOP OF THE 4TH |
Surrey Sinners batting - Pitching for Colorado Commanders : RHP Manuel Zarate
|
Batting: LHB Javier Espinoza
|
0-0: Swinging Strike 0-1: Foul Ball, location: 2F 0-2: Strikes out swinging
|
Batting: RHB Ryan Parrish
|
0-0: Called Strike 0-1: Called Strike 0-2: Strikes out swinging
|
Batting: RHB Mitchell Darragh
|
0-0: Ball 1-0: Ball 2-0: Ball 3-0: Called Strike 3-1: Base on Balls
|
Batting: RHB Carlos Rodríguez
|
0-0: Ball 1-0: Ball 2-0: Ball 3-0: SINGLE (Line Drive, 56) Mitchell Darragh to second
|
Batting: LHB Benny Richard
|
0-0: Ball 1-0: Fly out, F7 (Line Drive, 78D)
|
Top of the 4th over - 0 run(s), 1 hit(s), 0 error(s), 2 left on base; Surrey 1 - Colorado 2 |
BOTTOM OF THE 4TH |
Colorado Commanders batting - Pitching for Surrey Sinners : RHP Tom Wallace
|
Batting: RHB Keith Jones
|
0-0: Called Strike 0-1: Ball 1-1: Ball 2-1: SINGLE (Groundball, 4MD)
|
Batting: LHB Michael Barrett
|
0-0: Called Strike Keith Jones steals 2nd base 0-1: Swinging Strike 0-2: Strikes out looking
|
Batting: RHB Emiel van Rhee
|
0-0: SINGLE (Groundball, 6MD) (infield hit) Keith Jones to third
|
Batting: SHB Scott Compton
|
0-0: Called Strike 0-1: Called Strike 0-2: Ball 1-2: Ball 2-2: Foul Ball, location: 2F 2-2: Ground out 4-3 (Groundball, 4) Keith Jones scores Emiel van Rhee to second
|
Batting: RHB Lee Price
|
0-0: Called Strike 0-1: DOUBLE (Line Drive, 78D) Emiel van Rhee scores
|
Batting: RHB John Dinkins
|
0-0: Ball 1-0: Ball 2-0: Foul Ball, location: 2F 2-1: Foul Ball, location: 2F 2-2: Ball 3-2: Foul Ball, location: 2F 3-2: Base on Balls
|
Batting: RHB Arnold Harmon
|
0-0: Swinging Strike 0-1: Ball 1-1: Ball 2-1: Ground out 6-3 (Groundball, 6)
|
Bottom of the 4th over - 2 run(s), 3 hit(s), 0 error(s), 2 left on base; Surrey 1 - Colorado 4 |
TOP OF THE 5TH |
Surrey Sinners batting - Pitching for Colorado Commanders : RHP Manuel Zarate
|
Batting: RHB Brett Murphy
|
0-0: Called Strike 0-1: Ball 1-1: SINGLE (Flyball, 9LM)
|
Batting: RHB Víctor Arredondo
|
0-0: Ball 1-0: Swinging Strike 1-1: Ball 2-1: Ball 3-1: Foul Ball, location: 2F 3-2: Foul Ball, location: 2F 3-2: Base on Balls Brett Murphy to second
|
Batting: RHB Félix Castro
|
0-0: Swinging Strike 0-1: Foul Ball, location: 2F 0-2: Ball 1-2: Strikes out swinging
|
Batting: RHB Daniel Santiago
|
0-0: Called Strike 0-1: Ball 1-1: Fielders Choice at 2nd, 6-4 (Groundball, 6) Brett Murphy to third
|
Batting: LHB Javier Espinoza
|
0-0: Called Strike 0-1: Foul Ball, location: 2F 0-2: Fly out, F8 (Flyball, 8LXD)
|
Top of the 5th over - 0 run(s), 1 hit(s), 0 error(s), 2 left on base; Surrey 1 - Colorado 4 |
BOTTOM OF THE 5TH |
Colorado Commanders batting - Pitching for Surrey Sinners : RHP Tom Wallace
|
Batting: LHB Gary Kern
|
0-0: Ball 1-0: Ground out 1-3 (Groundball, 13S)
|
Batting: LHB David Hernández
|
0-0: Ball 1-0: Ball 2-0: Called Strike 2-1: Swinging Strike 2-2: SINGLE (Line Drive, 4MD)
|
Batting: RHB Keith Jones
|
0-0: Called Strike David Hernández steals 2nd base 0-1: Ball 1-1: Ball 2-1: 2-RUN HOME RUN (Flyball, 8LXD), Distance : 425 ft
|
Batting: LHB Michael Barrett
|
0-0: Fly out, F9 (Flyball, 89M)
|
Batting: RHB Emiel van Rhee
|
0-0: Ball 1-0: Foul Ball, location: 2F 1-1: Ball 2-1: Swinging Strike 2-2: Ground out 5-3 (Groundball, 15S)
|
Bottom of the 5th over - 2 run(s), 2 hit(s), 0 error(s), 0 left on base; Surrey 1 - Colorado 6 |
TOP OF THE 6TH |
Surrey Sinners batting - Pitching for Colorado Commanders : RHP Manuel Zarate
|
Batting: RHB Ryan Parrish
|
0-0: Ball 1-0: Swinging Strike 1-1: Foul Ball, location: 2F 1-2: Strikes out swinging
|
Pitching: RHP Ron Bartlett
|
|
Batting: RHB Mitchell Darragh
|
0-0: Called Strike 0-1: Ball 1-1: Ball 2-1: Ball 3-1: Foul Ball, location: 2F 3-2: Strikes out looking
|
Batting: RHB Carlos Rodríguez
|
0-0: Ground out 5-3 (Groundball, 56)
|
Top of the 6th over - 0 run(s), 0 hit(s), 0 error(s), 0 left on base; Surrey 1 - Colorado 6 |
BOTTOM OF THE 6TH |
Colorado Commanders batting - Pitching for Surrey Sinners : RHP Tom Wallace
|
Batting: SHB Scott Compton
|
0-0: Foul Ball, location: 2F 0-1: Ball 1-1: Ball 2-1: SINGLE (Line Drive, 6D)
|
Pitching: RHP Mark Greene
|
|
Batting: RHB Lee Price
|
0-0: Called Strike 0-1: SINGLE (Groundball, 56D) (infield hit) Scott Compton to second
|
Batting: RHB John Dinkins
|
0-0: SINGLE (Groundball, 4MD) Scott Compton to third Lee Price to second
|
Batting: RHB Arnold Harmon
|
0-0: Fielders Choice at 3rd, U5 (Groundball, 5L) Scott Compton scores John Dinkins to second
|
Batting: LHB Gary Kern
|
0-0: Fly out, F9 (Flyball, 9D) Runner from 2nd tags up, SAFE at 3rd, no throw
|
Batting: LHB David Hernández
|
0-0: Ball 1-0: Ball 2-0: SINGLE (Groundball, 6MD) John Dinkins scores Arnold Harmon to second
|
Batting: RHB Keith Jones
|
0-0: Called Strike 0-1: Called Strike 0-2: Ball 1-2: Foul Ball, location: 2F 1-2: Strikes out swinging
|
Bottom of the 6th over - 2 run(s), 4 hit(s), 0 error(s), 2 left on base; Surrey 1 - Colorado 8 |
TOP OF THE 7TH |
Surrey Sinners batting - Pitching for Colorado Commanders : RHP Ron Bartlett
|
Batting: LHB Benny Richard
|
0-0: Called Strike 0-1: Ball 1-1: Ball 2-1: Swinging Strike 2-2: Strikes out swinging
|
Batting: RHB Brett Murphy
|
0-0: Foul Ball, location: 2F 0-1: Foul Ball, location: 2F 0-2: Foul Ball, location: 2F 0-2: Strikes out looking
|
Batting: RHB Víctor Arredondo
|
0-0: Foul Ball, location: 2F 0-1: Foul Ball, location: 2F 0-2: Ball 1-2: Ball 2-2: Ball 3-2: Foul Ball, location: 2F 3-2: Base on Balls
|
Batting: RHB Félix Castro
|
0-0: Called Strike 0-1: Called Strike 0-2: Strikes out swinging
|
Top of the 7th over - 0 run(s), 0 hit(s), 0 error(s), 1 left on base; Surrey 1 - Colorado 8 |
BOTTOM OF THE 7TH |
Colorado Commanders batting - Pitching for Surrey Sinners : RHP Mark Greene
|
Batting: LHB Michael Barrett
|
0-0: Fly out, F7 (Line Drive, 78M)
|
Batting: RHB Emiel van Rhee
|
0-0: Ball 1-0: Ball 2-0: Ball 3-0: Called Strike 3-1: Base on Balls
|
Batting: SHB Scott Compton
|
0-0: Called Strike 0-1: Ball 1-1: Called Strike Emiel van Rhee steals 2nd base 1-2: Foul Ball, location: 2F 1-2: SINGLE (Flyball, 7S) Emiel van Rhee to third Runner from 3rd tries for Home, SAFE, no throw or cutoff
|
Batting: RHB Lee Price
|
0-0: Called Strike 0-1: Ball 1-1: Called Strike 1-2: Strikes out swinging
|
Batting: RHB John Dinkins
|
0-0: Called Strike 0-1: Ball 1-1: Called Strike 1-2: Fly out, F8 (Flyball, 8LD)
|
Bottom of the 7th over - 1 run(s), 1 hit(s), 0 error(s), 1 left on base; Surrey 1 - Colorado 9 |
TOP OF THE 8TH |
Surrey Sinners batting - Pitching for Colorado Commanders : RHP Ron Bartlett
|
Batting: RHB Daniel Santiago
|
0-0: Called Strike 0-1: Swinging Strike 0-2: Ball 1-2: Ball 2-2: Strikes out looking
|
Pitching: RHP Marcos Miranda
|
|
Batting: LHB Javier Espinoza
|
0-0: Foul Ball, location: 2F 0-1: SINGLE (Groundball, 3S) (infield hit)
|
Batting: RHB Ryan Parrish
|
0-0: Called Strike 0-1: Called Strike 0-2: Ball 1-2: Strikes out swinging
|
Batting: RHB Mitchell Darragh
|
0-0: Foul Ball, location: 2F 0-1: Ball 1-1: Swinging Strike 1-2: Strikes out swinging
|
Top of the 8th over - 0 run(s), 1 hit(s), 0 error(s), 1 left on base; Surrey 1 - Colorado 9 |
BOTTOM OF THE 8TH |
Colorado Commanders batting - Pitching for Surrey Sinners : RHP Mark Greene
|
Pitching: LHP Phil Paul
|
|
Batting: RHB Arnold Harmon
|
0-0: Ball 1-0: Swinging Strike 1-1: Swinging Strike 1-2: Strikes out swinging
|
Batting: LHB Gary Kern
|
0-0: Ball 1-0: Foul Ball, location: 2F 1-1: Called Strike 1-2: Ball 2-2: Ball 3-2: Base on Balls
|
Batting: LHB David Hernández
|
0-0: Grounds into double play, 5-4-3 (Groundball, 56)
|
Bottom of the 8th over - 0 run(s), 0 hit(s), 0 error(s), 0 left on base; Surrey 1 - Colorado 9 |
TOP OF THE 9TH |
Surrey Sinners batting - Pitching for Colorado Commanders : RHP Marcos Miranda
|
Batting: RHB Carlos Rodríguez
|
0-0: Foul Ball, location: 2F 0-1: Ball 1-1: Fly out, F4 (Popup, 4M)
|
Batting: LHB Benny Richard
|
0-0: Ball 1-0: Called Strike 1-1: Foul Ball, location: 2F 1-2: Strikes out looking
|
Batting: RHB Brett Murphy
|
0-0: Foul Ball, location: 2F 0-1: Foul Ball, location: 2F 0-2: Ground out 4-3 (Groundball, 4)
|
Top of the 9th over - 0 run(s), 0 hit(s), 0 error(s), 0 left on base; Surrey 1 - Colorado 9 |
|